 Dungeon Crawl Stone Soup version 0.29.0-10-g45618ea6d2 (webtiles) character file.

Game seed: 3848641260884324262

828 xian the Shooter (level 7, -2/58 HPs)
             Began as a Demigod Hunter on Sept 1, 2022.
             Slain by a killer bee (7 damage)
             ... on level 5 of the Dungeon.
             The game lasted 00:13:59 (5344 turns).

xian the Shooter (Demigod Hunter)                   Turns: 5344, Time: 00:14:00

Health: -2/58      AC: 11    Str: 20    XL:     7   Next: 37%
Magic:  9/9        EV:  6    Int: 11    God:
Gold:   1020       SH:  0    Dex: 20    Spells: 6/6 levels left

rFire   . . .      SeeInvis .   y - +1 scythe (venom)
rCold   + + .      Faith    .   (shield currently unavailable)
rNeg    . . .      Spirit   .   o - +0 plate armour
rPois   .          Reflect  .   (no helmet)
rElec   +          Harm     .   (no cloak)
rCorr   .          Rampage  .   (no gloves)
Will    .....                   (no boots)
Stlth   ..........              (no amulet)
HPRegen 0.19/turn               h - ring of protection from cold
MPRegen 0.11/turn               j - ring "Odejuith" {rElec rC+ Will- Dex+3}

@: no status effects
A: high MP 1, forlorn, divine attributes
a: no special abilities


You were on level 5 of the Dungeon.
You visited 1 branch of the dungeon, and saw 5 of its levels.

You collected 1292 gold pieces.
You spent 272 gold pieces at shops.

Inventory:

Hand Weapons
 a - a +1 shortbow of chaos
 y - a +1 scythe of venom (weapon)
Armour
 c - a +0 leather armour
 g - an orb of guile
 o - a +0 plate armour (worn)
Jewellery
 h - a ring of protection from cold (left hand)
 j - the ring "Odejuith" (right hand) {rElec rC+ Will- Dex+3}
   (You found it on level 2 of the Dungeon)

   [ring of protection from cold]

   Dex:       It affects your dexterity (+3).
   rC:        It protects you from cold.
   rElec:     It insulates you from electricity.
   Will:      It decreases your willpower.
 A - a ring of willpower
Wands
 f - a wand of flame (14)
 v - a wand of roots (12)
Scrolls
 b - a scroll of immolation
 e - 3 scrolls of amnesia
 q - a scroll of fog {unknown}
 s - a scroll of blinking {unknown}
 t - 2 scrolls of magic mapping
 u - a scroll of vulnerability {unknown}
 w - a scroll of enchant armour {unknown}
 z - a scroll of torment {unknown}
Potions
 i - a potion of invisibility
 k - a potion of cancellation
 l - 3 potions of attraction
 m - 4 potions of curing
 n - 3 potions of heal wounds
 p - 2 potions of brilliance
 r - a potion of haste
 x - a potion of lignification
 B - a potion of berserk rage {unknown}


   Skills:
 + Level 3.7 Fighting
 + Level 0.7 Polearms
 + Level 7.4 Ranged Weapons
 + Level 2.6 Armour
 + Level 1.8 Dodging
 + Level 1.0 Stealth


You had 6 spell levels left.
You didn't know any spells.
Your spell library contained the following spells:

 Spells                   Type           Power      Damage    Failure   Level
 Foxfire                  Conj/Fire      0%         2x1d4     100%        1
 Slow                     Hex            0%         N/A       100%        1
 Confusing Touch          Hex            0%         N/A       100%        3
 Conjure Flame            Conj/Fire      0%         6-21      100%        3
 Inner Flame              Hex/Fire       0%         N/A       100%        3
 Vampiric Draining        Necr           0%         2d6       100%        3
 Flame Wave               Conj/Fire      0%         2d4       100%        4


Dungeon Overview and Level Annotations

Branches:
Dungeon (5/15)             Temple (0/1) D:4

Shops:
D:4 ?

Annotations:
D:5 3 runed translucent doors, Strat's ghost, novice KoNe


Innate Abilities, Weirdness & Mutations

You have an increased reservoir of magic. (+10% MP)
You shall have no god before yourself.
Your divine heritage dramatically boosts your attributes as you level up.


Message History

The killer bee stings you. The killer bee barely misses you.
The killer bee stings you but does no damage.
You are too injured to fight recklessly!
You are too injured to fight recklessly!
Unknown command.
You are too injured to fight recklessly!
You are too injured to fight recklessly!
You are too injured to fight recklessly!
You are too injured to fight recklessly!
Your +1 scythe of venom begins to drip with poison!
y - a +1 scythe of venom (weapon)
The killer bee stings you but does no damage.
You closely miss the killer bee.
The killer bee is lightly wounded.
The killer bee stings you.
The killer bee stings you but does no damage. x2
You miss the killer bee.
The killer bee is lightly wounded.
The killer bee stings you. x3
* * * LOW HITPOINT WARNING * * *
You closely miss the killer bee.
The killer bee is lightly wounded.
The killer bee stings you but does no damage.
The killer bee stings you.
* * * LOW HITPOINT WARNING * * *
The killer bee stings you but does no damage.
You hit the killer bee.
The killer bee is poisoned.
The killer bee is moderately wounded.
The killer bee barely misses you.
The killer bee stings you but does no damage.
The killer bee closely misses you.
You miss the killer bee.
The killer bee is moderately wounded.
The killer bee stings you but does no damage. x3
You miss the killer bee.
The killer bee is moderately wounded.
The killer bee stings you!
* * * LOW HITPOINT WARNING * * *
The killer bee stings you!
You die...

.......#####..##.....
.....###..
...##....## ....# #..
#...##).#### ....#
##. ..#....... #.
.....##.#
..##.......##.
......#.. .. ..
......#. ........#
............
......y.#
............ #.$..@#
#........... ##....#
##......##...
#....####..##........
##.#........#........
#.#.................
###................#
##............####
###........###
#####....#


You could see a killer bee (poisoned).

Vanquished Creatures
  Grinder (D:5)
  Sigmund (D:4)
  A phantom (D:5)
  A scorpion (D:4)
  An orc priest (D:5)
  2 iguanas
  Robin (D:3)
  3 gnolls
  8 adders
  A shadow imp (D:5)
  An ufetubus (D:5)
  A worm (D:2)
  6 dart slugs
  16 orcs
  4 endoplasms
  4 giant cockroaches
  16 goblins
  8 hobgoblins
  5 jackals
  6 kobolds
  6 quokkas
  4 ball pythons
  4 frilled lizards
  6 rats
107 creatures vanquished.

Vanquished Creatures (others)
  A fungus (D:1)
  12 plants
13 creatures vanquished.

Grand Total: 120 creatures vanquished

Notes
Turn   | Place    | Note
-------+----------+-------------------------------------------
     0 | D:1      | xian the Demigod Hunter began the quest for the Orb.
     0 | D:1      | Reached XP level 1. HP: 17/17 MP: 3/3
   123 | D:1      | Reached skill level 4 in Ranged Weapons
   130 | D:1      | Reached XP level 2. HP: 24/24 MP: 4/4
   719 | D:1      | Identified a scroll of acquirement
   725 | D:1      | Acquired 933 gold pieces
   854 | D:2      | Identified the ring "Odejuith" {rElec rC+ Will- Dex+3}
   862 | D:2      | Reached XP level 3. HP: 29/29 MP: 5/5
  1292 | D:2      | Reached skill level 5 in Ranged Weapons
  1748 | D:2      | Reached XP level 4. HP: 7/36 MP: 6/6
  2786 | D:3      | Noticed Robin
  3089 | D:3      | Killed Robin
  3131 | D:3      | Reached skill level 1 in Armour
  3208 | D:4      | Found Dommaz's Magic Scroll Emporium.
  3218 | D:4      | Bought a scroll of brand weapon for 123 gold pieces
  3218 | D:4      | Bought a scroll of magic mapping for 97 gold pieces
  3218 | D:4      | Bought a scroll of identify for 26 gold pieces
  3218 | D:4      | Bought a scroll of identify for 26 gold pieces
  3249 | D:4      | Reached XP level 5. HP: 36/41 MP: 7/7
  3930 | D:4      | Noticed Sigmund
  3948 | D:4      | Killed Sigmund
  3949 | D:4      | Reached skill level 6 in Ranged Weapons
  3949 | D:4      | Reached skill level 1 in Stealth
  3949 | D:4      | Reached XP level 6. HP: 29/51 MP: 8/8
  4152 | D:4      | Found a staircase to the Ecumenical Temple.
  4395 | D:5      | Entered Level 5 of the Dungeon
  4583 | D:5      | Found a runed translucent gate.
  4583 | D:5      | Found a runed translucent gate.
  4583 | D:5      | Found a runed translucent gate.
  4588 | D:5      | Noticed Grinder
  4591 | D:5      | Paralysed by Grinder for 5 turns
  4597 | D:5      | Noticed Strat's ghost (novice KoNe)
  4863 | D:5      | Paralysed by something for 2 turns
  4872 | D:5      | Killed Grinder
  4873 | D:5      | Reached skill level 7 in Ranged Weapons
  4873 | D:5      | Reached XP level 7. HP: 22/57 MP: 9/9
  5344 | D:5      | Slain by a killer bee

Illustrated notes

Levels and vault maps discovered:
D:1:      lightli_arrival_flooded_house, layout_loops_ring,
          shapermc_ecumenical_altar_mp_urbaneastern, hangedman_decor_riveting
D:2:      layout_basic, minmay_door_square
D:3:      layout_rooms, tso_oasis_becter, nicolae_vehumet_radiance,
          gammafunk_temple_overflow_pools, uniq_robin
D:4:      layout_loops_corners, minmay_temple_entry_poolview, serial_shops,
          nicolae_stop_n_shop_2, uniq_sigmund
D:5:      layout_cave_pools, gammafunk_ghost_necromancy,
          lexackson_kobold_supper, uniq_grinder

Skill      XL: |  1  2  3  4  5  6 |
---------------+-------------------+-----
Ranged Weapons | 4 5 6 7 |  7.4
Fighting       | 2 3 |  3.7
Armour         | 1 2 |  2.6
Stealth        | 1 |  1.0
Polearms       | |  0.7
Dodging        | |  1.8

Action                   |  1- 3 |  4- 6 |  7- 9 || total
-------------------------+-------+-------+-------++-------
Melee: Spear             |       |    28 |       ||    28
       Halberd           |       |     3 |    12 ||    15
 Fire: Shortbow          |   142 |   157 |    45 ||   344
  Use: Scroll            |     7 |     9 |     2 ||    18
       Potion            |       |     2 |       ||     2
Armor: Leather armour    |     6 |       |       ||     6
       Plate armour      |    27 |   164 |    33 ||   224
Dodge: Dodged            |    30 |    68 |    14 ||   112
